 Dungeon Crawl Stone Soup version 0.28-b1-25-g9875b3fc8c (webtiles) character file.

Game seed: 886492825776241138

98 tilp the Poker (level 4, -4/37 HPs)
             Began as a Merfolk Gladiator on Feb 5, 2022.
             Killed by nerve-wracking pain
             ... invoked by an orc priest
              (8 damage)
             ... on level 3 of the Dungeon.
             The game lasted 00:02:29 (2256 turns).

tilp the Poker (Merfolk Gladiator)                  Turns: 2256, Time: 00:02:30

Health: -4/37      AC:  6    Str: 16    XL:     4   Next: 69%
Magic:  4/4        EV: 12    Int:  7    God:
Gold:   58         SH:  0    Dex: 15    Spells: 3/3 levels left

rFire   . . .      SeeInvis .   a - +0 trident
rCold   . . .      Faith    .   (no shield)
rNeg    . . .      Spirit   .   k - +0 ring mail
rPois   +          Reflect  .   c - +0 helmet
rElec   .          Harm     .   (no cloak)
rCorr   +          Rampage  .   (no gloves)
Will    .....                   (no boots)
Stlth   ..........              (no amulet)
HPRegen 0.12/turn               j - ring of poison resistance
MPRegen 0.09/turn               l - ring of resist corrosion

@: confused, lethally poisoned (-4 -> -14), ambrosia-drunk, invisible
A: (nimble swimmer 2), mertail
a: no special abilities


You were on level 3 of the Dungeon.
You visited 1 branch of the dungeon, and saw 3 of its levels.

You collected 86 gold pieces.
You spent 28 gold pieces at shops.

Inventory:

Hand Weapons
 a - a +0 trident (weapon)
Missiles
 d - 3 throwing nets
 g - 44 stones (quivered)
Armour
 c - a +0 helmet (worn)
 k - a +0 ring mail (worn)
Jewellery
 j - a ring of poison resistance (left hand)
 l - a ring of resist corrosion (right hand)
 o - a ring of wizardry
Scrolls
 b - a scroll of enchant armour {unknown}
 h - a scroll of vulnerability {unknown}
 i - a scroll of fear {unknown}
 m - a scroll of acquirement {unknown}
 n - a scroll of identify


   Skills:
 - Level 4.0 Fighting
 + Level 6.3 Polearms
 - Level 2.0 Throwing
 - Level 4.0 Dodging


You had 3 spell levels left.
You didn't know any spells.
Your spell library contained the following spells:

 Spells                   Type           Power      Damage    Failure   Level
 Freeze                   Ice            0%         1d3       65%         1
 Frozen Ramparts          Ice            0%         1d2       95%         3
 Gell's Gravitas          Tloc           0%         N/A       95%         3
 Teleport Other           Tloc           0%         N/A       95%         3
 Hailstorm                Conj/Ice       0%         3d3       100%        4
 Dispersal                Tloc           0%         N/A       100%        6


Dungeon Overview and Level Annotations

Branches:
Dungeon (3/15)

Altars:
Fedhas

Shops:
D:1 ?


Innate Abilities, Weirdness & Mutations

((You are very nimble when in or above water. (Stealth+, EV+, Speed+++)))
Your lower body shifts to a powerful aquatic tail in water.


Message History

The orc priest looks encouraged for a moment.
An orc wizard comes into view. It is wielding a +0 dagger.
The orc wizard shouts!
You hit the orc priest.
The orc priest is moderately wounded.
The orc priest barely misses you.
You completely miss the orc priest.
The orc priest is moderately wounded.
Unknown command.
You barely miss the orc priest.
The orc priest is moderately wounded.
The orc priest hits you but does no damage.
You are poisoned.
You feel very sick.
You barely miss the orc priest.
The orc priest is moderately wounded.
You feel sick.
The orc priest hits you with a +2 dagger of venom!
* * * LOW HITPOINT WARNING * * *
You are lethally poisoned!
Unknown command.
Okay, then.
You are confused.
You feel invigorated.
* * * LOW HITPOINT WARNING * * *
You feel very sick.
The orc priest hits you with a +2 dagger of venom!
* * * LOW HITPOINT WARNING * * *
Unknown command.
You fade into invisibility!
* * * LOW HITPOINT WARNING * * *
You feel very sick. The orc priest closely misses you.
Unknown command.
You bump into the rock wall.
* * * LOW HITPOINT WARNING * * *
You feel very sick.
The orc priest calls down the wrath of Beogh upon you.
Pain shoots through your body!
You die...

... #####...## #.#
##.....## #.#
##.......## #.#.
#......<..# ...
+.........+ #..
#.......<.# #.##.#
##.......##
#.....######..†..##
#...oo@..###...## ##
#.##.###.# ##+## #. #.
#.# #.# #. #.###.# #.#
#. #.....# ##.## #.
#####.###...## #.
.######.##.....######.
..............##......
####.##.##.#.###.#####


You could see an orc priest and an orc wizard.

Vanquished Creatures
  5 adders
  3 dart slugs
  5 bats
  4 endoplasms
  A giant cockroach (D:1)
  3 goblins
  7 hobgoblins
  6 ball pythons
  3 frilled lizards
  4 kobolds
  7 rats
48 creatures vanquished.

Notes
Turn   | Place    | Note
-------+----------+-------------------------------------------
     0 | D:1      | tilp the Merfolk Gladiator began the quest for the Orb.
     0 | D:1      | Reached XP level 1. HP: 16/16 MP: 1/1
    74 | D:1      | Found a faded altar of an unknown god.
   257 | D:1      | Reached XP level 2. HP: 22/23 MP: 2/2
   424 | D:1      | Reached skill level 5 in Polearms
   687 | D:1      | Reached XP level 3. HP: 29/29 MP: 3/3
   722 | D:1      | Found Ikeroc's Magic Scroll Boutique.
  1354 | D:2      | Found a blossoming altar of Fedhas.
  1419 | D:2      | Reached XP level 4. HP: 35/37 MP: 4/4
  1639 | D:1      | Bought a scroll of identify for 28 gold pieces
  1715 | D:3      | Reached skill level 6 in Polearms
  2256 | D:3      | Killed from afar by an orc priest

Illustrated notes

Levels and vault maps discovered:
D:1:      nagdon_arrival_double_spiral, layout_rooms,
          ebering_ecumenical_altar_sacrificial, serial_shops, shop_statue
D:2:      layout_rooms, basic_altar, grunt_ministairs_9, st_stairs_10
D:3:      layout_loops_corners

Skill      XL: |  1  2  3  4 |
---------------+-------------+-----
Polearms       | 5 6 |  6.3
Fighting       | 3 4 |  4.0
Throwing       | |  2.0
Dodging        | |  4.0

Action                   |  1- 3 |  4- 6 || total
-------------------------+-------+-------++-------
Melee: Trident           |   133 |    41 ||   174
  Use: Scroll            |     2 |     2 ||     4
       Potion            |       |     2 ||     2
 Stab: Sleeping          |     2 |       ||     2
Armor: Leather armour    |    14 |       ||    14
       Ring mail         |    29 |     7 ||    36
Dodge: Dodged            |    90 |    17 ||   107
